 Dungeon Crawl Stone Soup version 0.25-a0-1073-gf4359a17dd (webtiles) character file.

Game seed: 16755347954211404436, levelgen mode: deterministic

517 Gwenloh the Stinger (level 7, -6/55 HPs)
             Began as a Naga Venom Mage on May 14, 2020.
             Mangled by Pikel
             ... wielding a +0 whip of electrocution
              (13 damage)
             ... on level 4 of the Dungeon.
             The game lasted 00:45:07 (6418 turns).

Gwenloh the Stinger (Naga Venom Mage)               Turns: 6418, Time: 00:45:08

Health: -6/55      AC:  5    Str: 10    XL:     7   Next: 20%
Magic:  2/12       EV: 10    Int: 18    God:
Gold:   182        SH:  0    Dex: 11    Spells: 3/12 levels left

rFire    . . .     SeeInvis +   G - +1 rapier of Vanity {protect, +Blink}
rCold    . . .     Gourm    .   (no shield)
rNeg     . . .     Faith    +   a - +0 robe
rPois    +         Spirit   .   y - +1 helmet
rElec    .         Reflect  .   (no cloak)
rCorr    .         Harm     .   (no gloves)
MR       .....                  (no barding)
Stlth    ++........             F - amulet of faith
HPRegen  0.18/turn              u - ring of poison resistance
MPRegen  0.13/turn              (no ring)

@: very slightly contaminated, very slow
A: large, see invisible, deformed body, poison resistance, slowness 2, slow
metabolism 1, spit poison 1, AC +2
a: Spit Poison, Evoke Blink


You were on level 4 of the Dungeon.
You were not hungry.

You visited 1 branch of the dungeon, and saw 5 of its levels.

You collected 182 gold pieces.

Inventory:

Hand Weapons
 e - a +0 whip
 B - a +0 mace of venom
 G - the +1 rapier of Vanity (weapon) {protect, +Blink}
   (You found it on level 4 of the Dungeon)

   It grants its wielder temporary protection when it strikes (+7 to AC).
   It lets you blink.
Missiles
 p - 2 boomerangs
 v - 3 javelins (quivered)
Armour
 a - a +0 robe (worn)
 y - a +1 helmet (worn)
Jewellery
 u - a ring of poison resistance (left hand)
 F - an amulet of faith (around neck)
Wands
 g - a wand of random effects (19)
 C - a wand of flame (25)
 E - a wand of polymorph (5)
Scrolls
 h - 2 scrolls of immolation
 j - 5 scrolls of teleportation {unknown}
 k - 2 scrolls of remove curse
 m - a scroll of magic mapping {unknown}
 o - a scroll of blinking {unknown}
 q - 7 scrolls of identify {unknown}
 t - a scroll of random uselessness {unknown}
 w - a scroll of fear {unknown}
 A - a scroll of amnesia {unknown}
Potions
 b - a potion of flight {unknown}
 d - a potion of invisibility {unknown}
 f - 2 potions of ambrosia {unknown}
 i - 3 potions of heal wounds {unknown}
 l - 2 potions of lignification {unknown}
 n - a potion of cancellation {unknown}
 r - 3 potions of brilliance {unknown}
 s - a potion of curing {unknown}
 x - a potion of resistance {unknown}
 z - 2 potions of haste {unknown}
 D - a potion of might {unknown}
 H - a potion of degeneration {unknown}
Comestibles
 c - 7 rations
 I - 2 chunks of flesh


   Skills:
 + Level 2.8 Dodging
 - Level 3.0 Stealth
 + Level 3.3 Spellcasting
 + Level 3.2 Transmutations
 + Level 2.4 Air Magic
 * Level 6.8 Poison Magic


You had 3 spell levels left.
You knew the following spells:

 Your Spells              Type           Power        Failure   Level  Hunger
a - Sting                 Tmut/Pois      ###.         1%          1    None
b - Poisonous Vapours     Pois/Air       ###...       3%          2    ##.....
c - Mephitic Cloud        Conj/Pois/Air  ##......     13%         3    ###....
d - Ignite Poison         Fire/Tmut/Pois ###.....     12%         3    ###....

Your spell library contained the following spells:

 Spells                   Type           Power        Failure   Level  Hunger
 Olgreb's Toxic Radiance  Pois           ####....     10%         4    ####...


Dungeon Overview and Level Annotations

Branches:
Dungeon (5/15)
 Temple: D:4-7

Altars:
Dithmenos
Okawaru
Ru
Xom

Annotations:
D:3 2 transporters, UristMcRaven's ghost, amateur DECj
D:4 Pikel


Innate Abilities, Weirdness & Mutations

You cannot wear boots.
Your serpentine skin is tough. (AC +2)
You have supernaturally acute eyesight. (SInv)
Armour fits poorly on your strangely shaped body.
Your system is resistant to poisons. (rPois)
You cover ground very slowly.
You have a slow metabolism.
You can spit poison.


Message History

Okay, then.
There's nothing to close nearby.
Unknown command.
Evoke which item? (* to show all) (? for menu, Esc to quit)
Aiming: Throw Flame
Press: ? - help, Shift-Dir - straight line, f/p - Pikel
Aim: Pikel, wielding a +0 whip of electrocution and wearing a +0 robe (severely wounded)
The puff of flame hits Pikel.
Pikel is severely wounded.
Evoke which item? (* to show all) (? for menu, Esc to quit)
Aiming: Throw Flame
Press: ? - help, Shift-Dir - straight line, f/p - Pikel
Aim: Pikel, wielding a +0 whip of electrocution and wearing a +0 robe (severely wounded) (Key replay ran out of keys)
The puff of flame hits Pikel.
Pikel is almost dead.
Pikel hits you with a +0 whip of electrocution.
* * * LOW HITPOINT WARNING * * *
You are electrocuted!
You die...

#.#...........# #.#
#.#...........# #.#
####.#...........##### #.#
.....................# #.#
##.#...##.##########.# #.#
.#.###.##..# #.# #.# .#.#
#.###.# #.# #.#
.#.###.###.#########.###.#
................@Kpp....>#
######.####.#####.#...####
.......# #.## #.#...#
########
#..####.#...###########
#......................
#...........(##########
#............#
#............#
#............##########


You could see Pikel and 2 slaves.

Vanquished Creatures
  Sigmund (D:3)
  2 hounds (D:4)
  Jessica (D:3)
  Ijyb (D:3)
  Terence (D:2)
  Robin (D:3)
  A gnoll (D:4)
  A howler monkey skeleton (D:4)
  10 adders
  An ooze (D:2)
  An adder skeleton (D:4)
  4 worms
  2 dart slugs
  A leopard gecko (D:2)
  4 orcs (D:3)
  5 bats
  3 giant cockroaches
  12 goblins
  7 hobgoblins
  5 jackals
  13 kobolds
  A quokka (D:2)
  A ball python (D:1)
  7 frilled lizards
  12 rats
98 creatures vanquished.

Vanquished Creatures (others)
  A kobold (D:2)
1 creature vanquished.

Grand Total: 99 creatures vanquished

Notes
Turn   | Place    | Note
-------+----------+-------------------------------------------
     0 | D:1      | Gwenloh the Naga Venom Mage began the quest for the Orb.
     0 | D:1      | Reached XP level 1. HP: 15/15 MP: 3/3
   200 | D:1      | Reached XP level 2. HP: 22/22 MP: 5/5
   206 | D:1      | Learned a level 2 spell: Poisonous Vapours
   812 | D:1      | Reached XP level 3. HP: 28/28 MP: 3/6
   846 | D:1      | Learned a level 3 spell: Mephitic Cloud
  1637 | D:2      | Reached XP level 4. HP: 36/36 MP: 3/7
  1904 | D:2      | Reached skill level 5 in Poison Magic
  2129 | D:2      | Noticed Terence
  2136 | D:2      | Reached skill level 1 in Air Magic
  2141 | D:2      | Killed Terence
  2392 | D:2      | Reached XP level 5. HP: 42/42 MP: 4/9
  2852 | D:2      | Found a shimmering altar of Xom.
  2853 | D:2      | Found an iron altar of Okawaru.
  3130 | D:3      | Noticed Sigmund
  3569 | D:3      | Noticed Robin
  3905 | D:3      | Learned a level 3 spell: Ignite Poison
  3909 | D:3      | Killed Sigmund
  3909 | D:3      | Reached skill level 6 in Poison Magic
  3909 | D:3      | Reached XP level 6. HP: 49/49 MP: 3/10
  3912 | D:3      | Noticed Jessica
  4082 | D:3      | Killed Jessica
  4663 | D:3      | Killed Robin
  4858 | D:3      | Found a shadowy altar of Dithmenos.
  4873 | D:3      | Found a transporter.
  4876 | D:3      | Noticed UristMcRaven's ghost (amateur DECj)
  4878 | D:3      | Identified the cursed +2 dire flail of the Battered Wishes
                  | {flame, rC++}
  4892 | D:3      | Found a transporter.
  5027 | D:3      | Noticed Ijyb
  5091 | D:3      | Killed Ijyb
  5322 | D:4      | Reached XP level 7. HP: 55/55 MP: 4/11
  5507 | D:4      | Got a crude rapier
  5511 | D:4      | Identified the +1 rapier of Vanity {protect, +Blink} (You
                  | found it on level 4 of the Dungeon)
  5862 | D:4      | Found a sacrificial altar of Ru.
  6382 | D:5      | Entered Level 5 of the Dungeon
  6405 | D:5      | Noticed a +0 hand axe
  6405 | D:5      | Noticed a +0 dagger
  6405 | D:5      | Noticed Pikel
  6418 | D:4      | Mangled by Pikel

Illustrated notes

Levels and vault maps discovered:
D:1:      zelgadis_glass_arrival_small, layout_rooms
D:2:      kb_forest_paths, layout_basic, gammafunk_temple_overflow_pools,
          lemuel_flame_loot_1, uniq_terence
D:3:      layout_rooms, gammafunk_ghost_smash, grunt_dithmenos_smoke,
          uniq_robin, uniq_ijyb, uniq_sigmund, uniq_jessica
D:4:      layout_basic, hangedman_ru_absence, cheibrodos_gnoll_hut
D:5:      layout_basic, dancing_weapons_uskayaw, first_ration,
          hangedman_decor_lopped, uniq_pikel

Skill      XL: |  1  2  3  4  5  6 |
---------------+-------------------+-----
Dodging        | 2 |  2.8
Poison Magic   | 5 6 |  6.8
Transmutations | 2 3 |  3.2
Air Magic      | 1 2 |  2.4
Spellcasting   | 3 |  3.3
Stealth        | |  3.0

Action                   |  1- 3 |  4- 6 |  7- 9 || total
-------------------------+-------+-------+-------++-------
Melee: Whip              |    15 |    31 |       ||    46
       Mace              |       |    10 |       ||    10
       Rapier            |       |       |    13 ||    13
Throw: Stone             |     2 |       |       ||     2
       Boomerang         |       |    21 |       ||    21
       Javelin           |       |     2 |     3 ||     5
 Cast: Sting             |     6 |     8 |       ||    14
       Poisonous Vapours |    18 |    62 |     7 ||    87
       Ignite Poison     |       |     5 |     3 ||     8
       Mephitic Cloud    |       |     5 |     2 ||     7
 Abil: Spit Poison       |    13 |    12 |       ||    25
       Evoke Blink       |       |       |     1 ||     1
Evoke: Wand              |       |       |     2 ||     2
  Use: Scroll            |     2 |       |       ||     2
  Eat: Chunk             |     2 |    11 |     2 ||    15
       Ration            |       |     1 |     1 ||     2
Armor: Robe              |     1 |    12 |    10 ||    23
Dodge: Dodged            |     9 |    28 |    17 ||    54

Table legend:
 A = Non-vault XP
 B = Vault XP
 C = Vault XP percentage of total XP
 D = Non-vault monster count
 E = Vault monster count
 F = Vault count percentage of total count
                 A         B        C        D         E       F
            +---------+---------+-------+---------+---------+-------
      Total |     259 |     480 |  65.0 |      72 |      26 |  26.5
            +---------+---------+-------+---------+---------+-------
        D:1 |      27 |       0 |   0.0 |      17 |       0 |   0.0
        D:2 |     128 |      59 |  31.6 |      26 |       8 |  23.5
        D:3 |      79 |     321 |  80.2 |      24 |      15 |  38.5
        D:4 |      25 |     100 |  80.0 |       5 |       3 |  37.5
            +---------+---------+-------+---------+---------+-------
